 Dungeon Crawl Stone Soup version 0.21.1-1-g345015f (webtiles) character file.

25 Monsterracer the Vexing (level 2, -2/23 HPs)
             Began as a Draconian Arcane Marksman on Feb 13, 2018.
             Slain by Terence
             ... wielding a +0 mace
              (5 damage)
             ... on level 2 of the Dungeon.
             The game lasted 00:01:10 (1293 turns).

Monsterracer the Vexing (Draconian Arcane Marksman) Turns: 1293, Time: 00:01:11

Health: -2/23      AC:  4    Str: 12    XL:     2   Next: 82%
Magic:  3/3        EV: 12    Int: 13    God:
Gold:   95         SH:  0    Dex: 11    Spells: 2/3 levels left

rFire    . . .     SeeInvis .     - Unarmed
rCold    . . .     Gourm    .   (no shield)
rNeg     . . .     Faith    .   (armour unavailable)
rPois    .         Spirit   .   (helmet restricted)
rElec    .         Reflect  .   (no cloak)
rCorr    .         Harm     .   (no gloves)
MR       .....                  (no boots)
Stlth    +.........             (no amulet)
HPRegen  0.07/turn              (no ring)
MPRegen  0.08/turn              (no ring)

@: no status effects
A: unfitting armour, cold-blooded, AC +4
a: no special abilities


You were on level 2 of the Dungeon.
You were very hungry.

You visited 1 branch of the dungeon, and saw 2 of its levels.

You collected 95 gold pieces.

Inventory:

Missiles
 b - a javelin (quivered)
Scrolls
 e - a scroll of remove curse {unknown}
 f - a scroll of amnesia {unknown}
 g - a scroll of blinking {unknown}
 i - a scroll of fear {unknown}
Potions
 h - 2 potions of agility {unknown}
 j - a potion of haste {unknown}
Comestibles
 c - 3 rations


   Skills:
 - Level 1.1 Fighting
 - Level 1.7 Throwing
 - Level 1.7 Dodging
 + Level 2.5 Unarmed Combat
 - Level 1.0 Spellcasting
 - Level 2.6 Hexes


You had 2 spell levels left.
You knew the following spells:

 Your Spells              Type           Power        Failure   Level  Hunger
a - Corona                Hex            #......      10%         1    ##.....


Dungeon Overview and Level Annotations

Branches:
Dungeon (2/15)

Altars:

Annotations:
D:2 Terence


Innate Abilities, Weirdness & Mutations

Your plain brown scales are hard. (AC +4)
You cannot fit into any form of body armour.
You are cold-blooded and may be slowed by cold attacks.


Message History

You throw a javelin.
The javelin hits Terence but does no damage.
Terence is lightly wounded.
Throwing (i - inventory. (,) - cycle):
b - 2 javelins (quivered)
Press: ? - help, Shift-Dir - straight line, f/p - Terence
Aim: Terence, wielding a mace and wearing a ring mail (lightly wounded)
You throw a javelin. The javelin hits Terence.
Terence is moderately wounded.
Terence hits you with a mace.
You take 4 damage, and have 19/23 hp.
You barely miss Terence.
Terence is moderately wounded.
Terence barely misses you.
You hit Terence but do no damage.
Terence is moderately wounded.
You hit Terence but do no damage.
Terence is moderately wounded.
Terence hits you with a mace.
You take 3 damage, and have 16/23 hp.
You barely miss Terence.
Terence is moderately wounded.
Terence looks scornfully at you. Terence hits you with a mace.
You take 4 damage, and have 12/23 hp.
You are too injured to fight recklessly!
You completely miss Terence.
Terence is moderately wounded.
Terence closely misses you.
You hit Terence.
Terence is moderately wounded.
Terence hits you with a mace!
* * * LOW HITPOINT WARNING * * *
You take 7 damage, and have 6/23 hp.
MASSIVE DAMAGE!!
You barely miss Terence.
Terence is moderately wounded.
You hit Terence but do no damage.
Terence is moderately wounded.
Terence hits you with a mace.
* * * LOW HITPOINT WARNING * * *
You take 4 damage, and have 2/23 hp.
Fire/throw which item? (* to show all) (? for menu, Esc to quit)
Press: ? - help, Shift-Dir - straight line, f/p - Terence
Aim: Terence, wielding a mace and wearing a ring mail (moderately wounded)
You throw a throwing net. The throwing net hits Terence.
Terence is caught in the net!
Terence is moderately wounded.
Terence struggles against the net.
You hit Terence.
Terence is heavily wounded.
Terence looks scornfully at you.
Terence struggles against the net.
You hit Terence but do no damage.
Terence is heavily wounded.
Terence struggles against the net.
You hit Terence.
Terence is severely wounded.
Terence struggles against the net.
You hit Terence but do no damage.
Terence is severely wounded.
You hit Terence but do no damage.
Terence is severely wounded.
Terence struggles against the net.
The net rips apart, and Terence comes free!
You hit Terence but do no damage.
Terence is severely wounded.
Terence closely misses you.
Fire/throw which item? (* to show all) (? for menu, Esc to quit)
Press: ? - help, Shift-Dir - straight line, f/p - Terence
Aim: Terence, wielding a mace and wearing a ring mail (severely wounded)
You throw a throwing net. The throwing net hits Terence.
Terence is caught in the net!
Terence is severely wounded.
Terence struggles against the net.
You hit Terence.
Terence is severely wounded.
Terence struggles against the net.
You hit Terence.
You tail-slap Terence, but do no damage.
Terence is almost dead.
Terence struggles against the net.
You hit Terence.
Terence is almost dead.
Terence struggles against the net.
You catch the helpless Terence completely off-guard!
You hit Terence but do no damage.
Terence is almost dead.
Terence struggles against the net.
The net rips apart, and Terence comes free!
You closely miss Terence.
Terence is almost dead.
Terence barely misses you.
You closely miss Terence.
Terence is almost dead.
You closely miss Terence.
Terence is almost dead.
Terence closely misses you.
You barely miss Terence.
Terence is almost dead.
Terence hits you with a mace.
You die...

#.# .
#.# ..
..# #.
#.# ..
#.# #.
#.#
#..###.#
#...@.)#
#..@...#
#.(###.#
#.( #<#
#. #.#
.. ...
#( .#.##
#. #.#.#
# ...


You could see Terence.

Vanquished Creatures
  An ooze (D:1)
  A giant cockroach (D:1)
  3 goblins (D:1)
  4 hobgoblins (D:1)
  A bat (D:1)
  A frilled lizard (D:1)
  6 kobolds
  2 rats (D:1)
19 creatures vanquished.

Notes
Turn   | Place    | Note
-------+----------+-------------------------------------------
     0 | D:1      | Monsterracer the Draconian Arcane Marksman began the quest for the Orb.
     0 | D:1      | Reached XP level 1. HP: 16/16 MP: 2/2
   149 | D:1      | HP: 7/16 [hobgoblin/club (5)]
   152 | D:1      | Reached skill level 1 in Unarmed Combat
   541 | D:1      | Reached XP level 2. HP: 21/23 MP: 3/3
  1264 | D:2      | Noticed Terence
  1275 | D:2      | HP: 6/23 [Terence/mace (7)]
  1277 | D:2      | HP: 2/23 [Terence/mace (4)]
  1293 | D:2      | Slain by Terence

Skill      XL: |  1  2 |
---------------+-------+-----
Unarmed Combat | 1 2 |  2.5
Fighting       | |  1.1
Throwing       | |  1.7
Dodging        | |  1.7
Spellcasting   | |  1.0
Hexes          | |  2.6

Action                   || total
-------------------------++-------
Melee: Unarmed           ||   103
       Tailslap          ||     6
Throw: Javelin           ||     6
       Throwing net      ||     2
 Stab: Held in net/web   ||     1
       Sleeping          ||     1
Armor: Skin              ||    16
Dodge: Dodged            ||    47

Vault maps used:
D:1:      co_arrival_square_in_a_square_in_a_square
D:2:      cheibrodos_fertilizer, cheibriados_altar_1, uniq_terence
